 Dungeon Crawl Stone Soup version 0.29-a0-397-g846e4a0bbc (webtiles) character file.

Game seed: 13605121069098631688

63 avis the Chopper (level 4, 0/41 HPs)
             Began as a Hill Orc Monk on May 12, 2022.
             Slain by a gnoll
             ... wielding a +0 club
              (1 damage)
             ... on level 2 of the Dungeon.
             The game lasted 00:07:29 (1341 turns).

avis the Chopper (Hill Orc Monk)                    Turns: 1341, Time: 00:07:29

Health: 0/41       AC:  6    Str: 15    XL:     4   Next: 10%
Magic:  4/4        EV: 10    Int: 10    God:
Gold:   89         SH:  0    Dex: 13    Spells: 3/3 levels left

rFire   . . .      SeeInvis .   a - +0 hand axe
rCold   . . .      Faith    .   (no shield)
rNeg    . . .      Spirit   .   h - +0 scale mail
rPois   .          Reflect  .   (no helmet)
rElec   .          Harm     .   (no cloak)
rCorr   .          Rampage  .   (no gloves)
Will    .....                   (no boots)
Stlth   ..........              (no amulet)
HPRegen 0.13/turn               (no ring)
MPRegen 0.09/turn               (no ring)

@: no status effects
A: no striking features
a: no special abilities


You were on level 2 of the Dungeon.
You visited 1 branch of the dungeon, and saw 4 of its levels.

You collected 89 gold pieces.

Inventory:

Hand Weapons
 a - a +0 hand axe (weapon)
 m - a +0 hunting sling
Armour
 f - a +0 leather armour
 g - a +0 ring mail
 h - a +0 scale mail (worn)
Jewellery
 b - an amulet of reflection
Scrolls
 d - 2 scrolls of identify {unknown}
 e - a scroll of vulnerability {unknown}
 j - a scroll of enchant armour {unknown}
 l - a scroll of fear {unknown}
 n - a scroll of immolation {unknown}
 o - a scroll of fog {unknown}
Potions
 i - a potion of curing {unknown}
 k - a potion of heal wounds {unknown}
 p - a potion of might {unknown}


   Skills:
 + Level 4.4 Fighting
 * Level 5.7 Axes
 - Level 2.4 Dodging
 - Level 1.5 Stealth


You had 3 spell levels left.
You didn't know any spells.
Your spell library contained the following spells:

 Spells                   Type           Power      Damage    Failure   Level
 Blink                    Tloc           0%         N/A       94%         2
 Ensorcelled Hibernation  Hex/Ice        0%         N/A       94%         2
 Lesser Beckoning         Tloc           0%         N/A       99%         3
 Spider Form              Tmut/Pois      0%         N/A       99%         3
 Anguish                  Hex/Necr       0%         N/A       100%        4
 Manifold Assault         Tloc           0%         N/A       100%        5


Dungeon Overview and Level Annotations

Branches:
Dungeon (4/15)
 Temple: D:4-7

Altars:

Annotations:
D:4 Grinder


Message History

You hit the gnoll but do no damage.
The gnoll is moderately wounded.
The gnoll hits you with a +0 club.
You hit the gnoll.
The gnoll is moderately wounded.
The gnoll hits you with a +0 club.
* * * LOW HITPOINT WARNING * * *
You hit the gnoll.
The gnoll is heavily wounded.
The gnoll hits you with a +0 club.
* * * LOW HITPOINT WARNING * * *
You barely miss the gnoll.
The gnoll is heavily wounded.
The gnoll closely misses you.
You are confused.
You feel invigorated. The gnoll closely misses you.
Okay, then.
You are too confused!
The gnoll closely misses you.
You feel less invigorated.
You feel less confused. The gnoll closely misses you.
The gnoll hits you with a +0 club!
* * * LOW HITPOINT WARNING * * *
The gnoll barely misses you.
You hit the gnoll.
The gnoll is severely wounded.
The gnoll closely misses you.
You barely miss the gnoll.
The gnoll is severely wounded.
The gnoll hits you with a +0 club.
* * * LOW HITPOINT WARNING * * *
You hit the gnoll but do no damage.
The gnoll is severely wounded.
The gnoll hits you with a +0 club.
* * * LOW HITPOINT WARNING * * *
You hit the gnoll.
The gnoll is almost dead.
The gnoll hits you with a +0 club.
You die...

#.### #.. ...
#.......... .......
.........# #.#....
........## #......
......... #.#...#
#.......# #.#...#
### #?##.##.# ..#
#.g#.##.### #.# #.#
#@#..gS.g.# # #..
#.#
#.###r###..####...#
#.. ..# #.# #.#
#.......... #..##.#
... #.# #..g...?...
......# ..#
...............
#...#.# ....
.#.###.####^..#
#.#.#.###### #.$..
..# ..# #.#.......#
## .##### .#
#.....###.##### .#
#


You could see a gnoll.

Vanquished Creatures
  A gnoll (D:2)
  An adder (D:2)
  2 dart slugs
  5 bats
  4 endoplasms
  2 giant cockroaches
  3 goblins
  4 hobgoblins
  A kobold (D:3)
  A quokka (D:1)
  5 ball pythons
  5 frilled lizards
  4 rats
38 creatures vanquished.

Notes
Turn   | Place    | Note
-------+----------+-------------------------------------------
     0 | D:1      | avis the Hill Orc Monk began the quest for the Orb.
     0 | D:1      | Reached XP level 1. HP: 19/19 MP: 1/1
   219 | D:1      | Reached XP level 2. HP: 27/27 MP: 2/2
   511 | D:1      | Found a faded altar of an unknown god.
   588 | D:1      | Reached skill level 5 in Axes
   726 | D:2      | Reached XP level 3. HP: 33/33 MP: 3/3
   773 | D:2      | You fall into a shaft and drop 2 floors!
   832 | D:3      | Noticed Grinder
   832 | D:3      | Paralysed by Grinder for 5 turns
  1321 | D:2      | Reached XP level 4. HP: 21/41 MP: 4/4
  1340 | D:2      | HP: 1/41 [gnoll/+0 club (5)]
  1341 | D:2      | Slain by a gnoll

Illustrated notes

Levels and vault maps discovered:
D:1:      dpeg_arrival_tiny_a, layout_basic, ebering_ecumenical_altar_petrified
D:2:      layout_loops_cross, minmay_tetromino_o4, uniq_natasha
D:3:      layout_rooms, mainiacjoe_overflow_brackets, uniq_sigmund, uniq_grinder
D:4:      minmay_chambers_of_twos, layout_basic, grunt_ministairs_7,
          hangedman_abyss_or_decor_stagger, corexii_shack,
          minmay_misc_feat_room, uniq_blork_the_orc

Skill      XL: |  1  2 |
---------------+-------+-----
Fighting       | 4 |  4.4
Axes           | 5 |  5.7
Dodging        | |  2.4
Stealth        | |  1.5

Action                   |  1- 3 |  4- 6 || total
-------------------------+-------+-------++-------
Melee: Hand axe          |   116 |    16 ||   132
       Punch             |     2 |       ||     2
  Use: Potion            |       |     1 ||     1
 Stab: Sleeping          |     1 |       ||     1
Armor: Robe              |     3 |       ||     3
       Leather armour    |    10 |       ||    10
       Scale mail        |    32 |     1 ||    33
Dodge: Dodged            |    61 |    10 ||    71

Table legend: (Time is in decaauts)
 A = Elapsed time spent in this place.
 B = Non-inter-level travel time spent in this place.
 C = Inter-level travel time spent in this place.
 D = Time resting spent in this place.
 E = Time spent auto-exploring this place.
 F = Levels seen in this place.
 G = Mean time per level.
                   A        B        C        D        E       F      G
               +--------+--------+--------+--------+--------+-----+--------+
         Total |   1354 |   1239 |    115 |    383 |    358 |   4 |  338.5 |
       Dungeon |   1354 |   1239 |    115 |    383 |    358 |   4 |  338.5 |
               +--------+--------+--------+--------+--------+-----+--------+

Top non-repeatable levels by time:
     D:1: 836 daAuts
     D:2: 399 daAuts
     D:3: 59 daAuts
     D:4: 58 daAuts
